 Dungeon Crawl Stone Soup version 0.26.1-11-gd32895ea62 (webtiles) character file.

Game seed: 118840788558416147

469 buriedalive the Chiller (level 6, -7/32 HPs)
             Began as a Deep Elf Ice Elementalist on May 25, 2021.
             Mangled by an ice beast (11 damage)
             ... on level 4 of the Dungeon.
             The game lasted 00:06:49 (5795 turns).

buriedalive the Chiller (Deep Elf Ice Elementalist) Turns: 5795, Time: 00:06:50

Health: -7/32      AC:  7    Str:  5    XL:     6   Next: 82%
Magic:  21/21      EV: 15    Int: 22    God:
Gold:   227        SH:  0    Dex: 15    Spells: 4/11 levels left

rFire    . . .     SeeInvis .   w - +0 dagger (vamp)
rCold    . . .     Faith    .   (no shield)
rNeg     . . .     Spirit   .   r - +0 leather armour
rPois    +         Reflect  .   l - +2 helmet
rElec    .         Harm     .   p - +0 cloak
rCorr    .         Rampage  .   (no gloves)
Will     .....                  (no boots)
Stlth    ++........             (no amulet)
HPRegen  0.10/turn              n - ring of poison resistance
MPRegen  0.17/turn              v - ring of magical power

@: no status effects
A: no striking features
a: no special abilities


You were on level 4 of the Dungeon.
You visited 1 branch of the dungeon, and saw 4 of its levels.

You collected 227 gold pieces.

Inventory:

Hand Weapons
 c - a +0 whip
 w - a +0 vampiric dagger (weapon)
Missiles
 d - 174 stones
 j - 35 poisoned darts
Armour
 a - a +0 robe
 l - a +2 helmet (worn)
 p - a +0 cloak (worn)
 r - a +0 leather armour (worn)
Jewellery
 n - a ring of poison resistance (left hand)
 o - an uncursed ring of wizardry
 v - a ring of magical power (right hand)
Scrolls
 b - 4 scrolls of teleportation
 g - 5 scrolls of identify
 i - 2 scrolls of blinking {unknown}
 q - a scroll of magic mapping {unknown}
 s - 2 scrolls of enchant armour {unknown}
 u - a scroll of enchant weapon {unknown}
 x - 2 scrolls of remove curse {unknown}
Potions
 e - 6 potions of curing
 f - 2 potions of lignification {unknown}
 k - a potion of heal wounds {unknown}
 m - a potion of haste {unknown}
 t - a potion of magic {unknown}
 z - a potion of flight {unknown}
 A - a potion of attraction {unknown}


   Skills:
 + Level 6.5 Dodging
 - Level 2.4 Stealth
 + Level 3.0 Spellcasting
 + Level 7.1 Ice Magic


You had 4 spell levels left.
You knew the following spells:

 Your Spells              Type           Power        Failure   Level
a - Freeze                Ice            100%         1%          1
b - Frozen Ramparts       Ice            68%          3%          3
c - Ozocubu's Armour      Ice            34%          3%          3

Your spell library contained the following spells:

 Spells                   Type           Power        Failure   Level
 Hailstorm                Conj/Ice       18%          43%         4
 Summon Ice Beast         Ice/Summ       18%          43%         4


Dungeon Overview and Level Annotations

Branches:
Dungeon (4/15)
 Temple: D:4-7

Altars:
Nemelex Xobeh
Trog


Message History

You barely miss the ice beast.
The ice beast hits you but does no damage.
You hit the ice beast but do no damage. The ice beast closely misses you.
You hit the ice beast but do no damage. The ice beast misses you.
You barely miss the ice beast. The ice beast hits you.
The ice beast freezes you!
You hit the ice beast but do no damage. The ice beast barely misses you.
You hit the ice beast but do no damage.
The ice beast hits you but does no damage.
You hit the ice beast but do no damage.
The ice beast hits you but does no damage.
You closely miss the ice beast. The ice beast barely misses you.
You hit the ice beast but do no damage. The ice beast barely misses you.
You hit the ice beast but do no damage. The ice beast hits you.
The ice beast freezes you!
* * * LOW HITPOINT WARNING * * *
You barely miss the ice beast. The ice beast hits you.
* * * LOW HITPOINT WARNING * * *
The ice beast freezes you!
You die...

... ##........## ...
#..........# ....
#..........# .....
#..........# ...$.#
#..........# ..$...#
#..........# ..<.).†###
##........##
#>..#######........##
###.Y@..............#
########..........#
#######..........#
#..............>.##
...#####............
#########.........##
####.....####..........
..........####.#.....#.
#.........###.#.....##


You could see an ice beast.

Vanquished Creatures
  Menkaure (D:4)
  A scorpion (D:3)
  2 hounds
  An orc wizard (D:3)
  A worker ant (D:4)
  A hound skeleton (D:4)
  3 gnolls (D:3)
  4 adders
  An ooze (D:2)
  An adder skeleton (D:4)
  2 worms
  2 dart slugs
  2 leopard geckos (D:3)
  9 orcs
  A ball python (D:4)
  A giant cockroach (D:2)
  10 goblins
  8 hobgoblins
  2 jackals (D:4)
  9 kobolds
  4 quokkas
  6 bats
  2 frilled lizards
  A jackal skeleton (D:4)
  11 rats
86 creatures vanquished.

Notes
Turn   | Place    | Note
-------+----------+-------------------------------------------
     0 | D:1      | buriedalive the Deep Elf Ice Elementalist began the quest
                  | for the Orb.
     0 | D:1      | Reached XP level 1. HP: 10/10 MP: 6/6
   324 | D:1      | Reached XP level 2. HP: 11/15 MP: 5/8
  1962 | D:2      | Reached skill level 5 in Ice Magic
  1962 | D:2      | Reached XP level 3. HP: 19/19 MP: 6/9
  2154 | D:2      | Found a bloodstained altar of Trog.
  3351 | D:3      | Reached XP level 4. HP: 24/24 MP: 10/10
  3503 | D:3      | Found a faded altar of an unknown god.
  3935 | D:3      | Found a sparkling altar of Nemelex Xobeh.
  4019 | D:3      | Reached skill level 5 in Dodging
  4019 | D:3      | Reached skill level 6 in Ice Magic
  4019 | D:3      | Reached XP level 5. HP: 22/28 MP: 11/11
  4820 | D:3      | Noticed a moth of wrath
  4823 | D:3      | Found a bloodstained altar of Trog.
  5182 | D:4      | Reached XP level 6. HP: 29/32 MP: 12/12
  5396 | D:4      | Noticed Menkaure
  5414 | D:4      | Killed Menkaure
  5415 | D:4      | Reached skill level 7 in Ice Magic
  5737 | D:4      | Learned a level 3 spell: Frozen Ramparts
  5741 | D:4      | Learned a level 3 spell: Ozocubu's Armour
  5774 | D:4      | Noticed an ice beast
  5795 | D:4      | Mangled by an ice beast

Illustrated notes

Levels and vault maps discovered:
D:1:      elethiomel_arrival_shortcut, layout_rooms, minivault_26,
          interstate_on_off, grunt_decor_fettered, kennysheep_doodads,
          minmay_misc_feat_nine_boxes, lemuel_flame_loot_1
D:2:      layout_basic, nicolae_overflow_crystal_walls,
          minmay_increasing_density
D:3:      layout_rooms, lemuel_coloured_pillars_altar,
          chequers_ecumenical_altar_simple, minmay_misc_feat_ornament,
          chequers_avenue, tgw_trog
D:4:      layout_rooms, uniq_menkaure

Skill      XL: |  1  2  3  4  5  6 |
---------------+-------------------+-----
Dodging        | 3 4 5 6 |  6.5
Ice Magic      | 5 6 7 |  7.1
Stealth        | |  2.4
Spellcasting   | |  3.0

Action                   |  1- 3 |  4- 6 || total
-------------------------+-------+-------++-------
Melee: Whip              |   102 |    52 ||   154
       Unarmed           |     4 |       ||     4
       Dagger            |       |    72 ||    72
 Cast: Freeze            |    33 |    74 ||   107
  Use: Scroll            |     1 |     2 ||     3
 Stab: Sleeping          |     4 |       ||     4
Armor: Robe              |    15 |       ||    15
       Leather armour    |    15 |    66 ||    81
Dodge: Dodged            |    85 |   136 ||   221
